 Dungeon Crawl Stone Soup version 0.30-a0-728-gc68057be0a (webtiles) character file.

Game seed: 10808885005777953270

28 scionoferis the Vexing (level 2, 0/23 HPs)
             Began as a Demigod Hexslinger on Jan 30, 2023.
             Succumbed to an adder's poison
             ... on level 2 of the Dungeon.
             The game lasted 00:01:27 (797 turns).

scionoferis the Vexing (Demigod Hexslinger)          Turns: 797, Time: 00:01:28

Health: 0/23       AC:  3    Str:  9 (11) XL:     2   Next: 75%
Magic:  5/5        EV: 12    Int: 12 (15) God:
Gold:   100        SH:  0    Dex: 11 (14) Spells: 2/3 levels left

rFire   + . .      SeeInvis .    a - +1 sling
rCold   . . .      Faith    .    (no shield)
rNeg    . . .      Spirit   .    c - +0 robe
rPois   .          Reflect  .    k - +0 helmet
rElec   .          Harm     .    (no cloak)
rCorr   .          Rampage  .    (no gloves)
Will    .....                    (no boots)
Stlth   +                        (no amulet)
HPRegen 0.23/turn                (no ring)
MPRegen 0.09/turn                (no ring)

@: lethally poisoned (0 -> -2)
A: high MP 1, forlorn, divine attributes, fire resistance 1, noise suppression
a: no special abilities


You were on level 2 of the Dungeon.
You visited 1 branch of the dungeon, and saw 2 of its levels.

You collected 100 gold pieces.


Innate Abilities, Weirdness & Mutations

You have an increased reservoir of magic. (+10% MP)
You shall have no god before yourself.
Your divine heritage dramatically boosts your attributes as you level up.
Your flesh is heat resistant. (rF+)
You passively dampen the noise of your surroundings.


   Skills:
 + Level 1.3 Fighting
 * Level 2.3 Ranged Weapons
 * Level 2.2 Dodging
 + Level 0.9 Stealth
 - Level 1.0 Spellcasting
 - Level 2.6 Hexes


You had 2 spell levels left.
You knew the following spells:

 Your Spells              Type           Power      Damage    Failure   Level
a - Slow                  Hex            28%        N/A       10%         1

Your spell library contained the following spells:

 Spells                   Type           Power      Damage    Failure   Level
 Ensorcelled Hibernation  Hex/Ice        6%         N/A       26%         2
 Inner Flame              Hex/Fire       3%         N/A       45%         3
 Portal Projectile        Hex/Tloc       6%         N/A       45%         3
 Spider Form              Tmut/Pois      0%         N/A       65%         3
 Cause Fear               Hex            3%         N/A       69%         4
 Anguish                  Hex/Necr       1%         N/A       86%         4

Inventory:

Hand Weapons
 a - a +1 sling (weapon)
Armour
 c - a +0 robe (worn)
 k - a +0 helmet (worn)
   (You found it on level 1 of the Dungeon)
Scrolls
 b - a scroll of poison
 d - a scroll of vulnerability {unknown}
 e - 2 scrolls of identify {unknown}
 h - a scroll of teleportation {unknown}
 j - a scroll of torment {unknown}
 m - a scroll of noise {unknown}
 n - a scroll of fear {unknown}
Potions
 i - a potion of curing {unknown}
 l - a potion of might {unknown}

Dungeon Overview and Level Annotations

Branches:
Dungeon (2/15)

#.. ..⌠ ........# †.
.......# .. .......# .
#. ......##.. ..## #.
##..#.....
....<#S#######......##
#...@.............##
##.................#
#......##.........#
#.####............#
#.. ####....†.....#
...# <.............#
.... ####..<......#
...# #.........#
#.........#


You could see an adder.


Message History

Welcome, scionoferis the Demigod Hexslinger.
Are you destined to find the fabulous Orb of Zot, or to die trying?
Press ? for a list of commands and other information.
Found a leather armour.
Found a staircase leading out of the dungeon.
A hobgoblin comes into view.
The hobgoblin shouts!
You shoot a sling bullet.
The sling bullet closely misses the hobgoblin.
You shoot a sling bullet. The sling bullet hits the hobgoblin.
You kill the hobgoblin!
No target in view!
No target in view!
You now have 15 gold pieces.
A bat comes into view.
You shoot a sling bullet.
The sling bullet closely misses the bat.
You shoot a sling bullet.
The sling bullet closely misses the bat.
The bat misses you.
You shoot a sling bullet. The sling bullet barely misses the bat.
The bat hits you but does no damage.
You shoot a sling bullet. The sling bullet hits the bat.
You kill the bat!
No target in view!
No target in view!
Found a robe.
Found a stone staircase leading down.
You see here a +0 robe.
A ball python comes into view.
You shoot a sling bullet. The sling bullet hits the ball python.
The ball python hisses angrily.
The ball python is severely wounded.
You shoot a sling bullet.
The sling bullet closely misses the ball python.
You shoot a sling bullet. The sling bullet hits the ball python.
You kill the ball python!
No target in view!
No target in view!
A hobgoblin comes into view.
A hobgoblin is nearby!
You shoot a sling bullet. The sling bullet hits the hobgoblin.
The hobgoblin shouts!
The hobgoblin is almost dead.
You shoot a sling bullet. The sling bullet hits the hobgoblin.
You kill the hobgoblin!
Your Fighting skill increases to level 1!
Your Ranged Weapons skill increases to level 2!
No target in view!
No target in view!
No target in view!
A bat comes into view.
You see here a scroll labelled ERAVIS HODD.
A bat is nearby!
You shoot a sling bullet.
The sling bullet closely misses the bat.
You shoot a sling bullet. The sling bullet hits the bat.
You kill the bat!
No target in view!
No target in view!
d - a scroll labelled ERAVIS HODD A quokka comes into view.
Found a scroll labelled BEMAUHU CAUNUKH.
You shoot a sling bullet. The sling bullet hits the quokka.
The quokka is almost dead.
You shoot a sling bullet. The sling bullet hits the quokka.
The quokka is almost dead.
You shoot a sling bullet.
The sling bullet closely misses the quokka.
You shoot a sling bullet. The sling bullet hits the quokka.
You kill the quokka!
Your Dodging skill increases to level 2!
No target in view!
e - a scroll labelled BEMAUHU CAUNUKH
Found a ring mail.
f - a grey potion
Found a robe.
Found a stone staircase leading down.
You see here a +0 robe.
There is a stone staircase leading down here.
Found 5 stones.
You now have 28 gold pieces (gained 13).
Found a dagger.
A giant cockroach comes into view.
You shoot a sling bullet.
The sling bullet hits the giant cockroach but does no damage.
You shoot a sling bullet.
The sling bullet hits the giant cockroach but does no damage.
You shoot a sling bullet.
The sling bullet hits the giant cockroach.
The giant cockroach is severely wounded.
You shoot a sling bullet.
The sling bullet barely misses the giant cockroach.
You shoot a sling bullet.
The sling bullet closely misses the giant cockroach.
The giant cockroach bites you but does no damage.
The giant cockroach completely misses you.
You shoot a sling bullet.
The sling bullet barely misses the giant cockroach.
The giant cockroach misses you. The giant cockroach barely misses you.
You shoot a sling bullet.
The sling bullet barely misses the giant cockroach.
The giant cockroach bites you.
You shoot a sling bullet.
The sling bullet closely misses the giant cockroach.
The giant cockroach closely misses you. The giant cockroach misses you.
You shoot a sling bullet.
The sling bullet barely misses the giant cockroach.
The giant cockroach bites you but does no damage.
You shoot a sling bullet.
The sling bullet hits the giant cockroach.
You kill the giant cockroach!
No target in view!
HP restored.
A ball python comes into view.
You shoot a sling bullet. The sling bullet hits the ball python!
You kill the ball python!
No target in view!
An endoplasm comes into view.
Found 10 gold pieces.
The endoplasm quivers.
You shoot a sling bullet. The sling bullet hits the endoplasm.
You kill the endoplasm!
You have reached level 2!
A jackal comes into view.
You shoot a sling bullet. The sling bullet hits the jackal.
You kill the jackal!
No target in view!
No target in view!
You now have 38 gold pieces (gained 10).
g - an emerald potion A rat comes into view.
You shoot a sling bullet. The sling bullet hits the rat.
You kill the rat!
No target in view!
No target in view!
A kobold and an endoplasm come into view.
Found a scroll labelled VUILAATUSM.
The kobold shouts!
The endoplasm quivers.
You shoot a sling bullet.
The sling bullet barely misses the kobold.
You shoot a sling bullet. The sling bullet hits the kobold.
You kill the kobold!
You shoot a sling bullet. The sling bullet hits the endoplasm.
The endoplasm is moderately wounded.
You shoot a sling bullet.
The sling bullet barely misses the endoplasm.
The endoplasm freezes you.
You are frozen.
You shoot a sling bullet. The sling bullet hits the endoplasm.
The endoplasm is almost dead.
The endoplasm barely misses you. The endoplasm misses you.
You shoot a sling bullet.
The sling bullet barely misses the endoplasm.
The endoplasm hits you.
You shoot a sling bullet. The sling bullet hits the endoplasm.
You kill the endoplasm!
No target in view!
h - a scroll labelled VUILAATUSM
i - a silvery potion You now have 49 gold pieces (gained 11).
A giant cockroach comes into view.
You shoot a sling bullet.
The sling bullet hits the giant cockroach but does no damage.
You shoot a sling bullet.
The sling bullet hits the giant cockroach but does no damage.
You shoot a sling bullet.
The sling bullet closely misses the giant cockroach.
You shoot a sling bullet.
The sling bullet hits the giant cockroach.
You kill the giant cockroach!
You open the door.
You see here 5 stones.
Found a dagger.
You see here a +0 robe.
You now have 64 gold pieces (gained 15).
Found a stone staircase leading down.
A jackal comes into view.
You shoot a sling bullet. The sling bullet hits the jackal.
The jackal is severely wounded.
You shoot a sling bullet. The sling bullet hits the jackal.
You kill the jackal!
No target in view!
No target in view!
No target in view!
A jackal comes into view.
You see here a scroll labelled DIDUVAMERPHAI.
You shoot a sling bullet. The sling bullet hits the jackal.
The jackal barks!
The jackal is moderately wounded.
You shoot a sling bullet.
The sling bullet closely misses the jackal.
You shoot a sling bullet.
The sling bullet barely misses the jackal.
You shoot a sling bullet.
The sling bullet closely misses the jackal.
The jackal closely misses you. The jackal barely misses you.
You shoot a sling bullet. The sling bullet hits the jackal.
The jackal is severely wounded.
The jackal bites you. The jackal closely misses you.
You shoot a sling bullet.
The sling bullet barely misses the jackal.
The jackal barely misses you.
You shoot a sling bullet. The sling bullet hits the jackal.
The jackal is almost dead.
The jackal bites you. The jackal barely misses you.
You shoot a sling bullet. The sling bullet hits the jackal.
You kill the jackal!
No target in view!
j - a scroll labelled DIDUVAMERPHAI You pick up a book of Dreams and begin reading...
You add the spells Ensorcelled Hibernation, Spider Form and Anguish to your library.
e - 2 scrolls labelled BEMAUHU CAUNUKH (gained 1)
Found a whip.
You now have 75 gold pieces (gained 11).
A ball python comes into view.
Found a falchion.
You shoot a sling bullet. The sling bullet hits the ball python.
The ball python hisses angrily.
The ball python is moderately wounded.
You shoot a sling bullet. The sling bullet hits the ball python.
You kill the ball python!
No target in view!
No target in view!
A hobgoblin comes into view.
You shoot a sling bullet. The sling bullet hits the hobgoblin.
The hobgoblin shouts!
The hobgoblin is heavily wounded.
You shoot a sling bullet.
The sling bullet barely misses the hobgoblin.
You shoot a sling bullet. The sling bullet hits the hobgoblin.
The hobgoblin is almost dead.
You shoot a sling bullet. The sling bullet hits the hobgoblin.
You kill the hobgoblin!
Found a sling.
You see here a +0 sling.
You open the door.
There is an open door here.
You see here a +0 leather armour.
Found a helmet.
A ball python comes into view.
You shoot a sling bullet. The sling bullet hits the ball python.
The ball python hisses angrily.
The ball python is heavily wounded.
The ball python bites you but does no damage.
The ball python grabs you. The ball python constricts you.
You shoot a sling bullet.
The sling bullet closely misses the ball python.
The ball python bites you. The ball python constricts you.
You shoot a sling bullet.
The sling bullet hits the ball python but does no damage.
The ball python is heavily wounded.
The ball python bites you. The ball python constricts you.
The ball python bites you but does no damage.
The ball python constricts you.
You shoot a sling bullet. The sling bullet hits the ball python.
You kill the ball python!
No target in view!
You see here a +0 helmet.
k - a +0 helmet You start putting on your armour.
You continue putting on your +0 helmet. x4
You finish putting on your +0 helmet.
You now have 82 gold pieces (gained 7).
Done exploring.
Search for what [? for help]? d: Unknown command.
There is a stone staircase leading down here.
You climb downwards.
Found four items.
Found a stone staircase leading up.
There is a stone staircase leading up here.
You shoot a sling bullet.
The sling bullet hits the giant cockroach.
You kill the giant cockroach!
No target in view!
No target in view!
No target in view!
l - a viscous pink potion You now have 100 gold pieces (gained 18).
You see here a giant cockroach corpse.
m - a scroll labelled NYUMIU ASAY
Found an escape hatch in the ceiling.
n - a scroll labelled CONATYS RYDE 2 ball pythons come into view.
You shoot a sling bullet. The sling bullet hits the ball python.
You kill the ball python!
The ball python hisses angrily.
You hear an angry hiss.
A quokka comes into view.
You hear an angry hiss.
You shoot a sling bullet.
The sling bullet closely misses the ball python.
An adder comes into view.
You shoot a sling bullet.
The sling bullet closely misses the ball python.
The ball python bites you. The ball python barely misses you.
You shoot a sling bullet. The sling bullet hits the ball python!
You kill the ball python!
You shoot a sling bullet.
The sling bullet closely misses the quokka.
The quokka barely misses you. x2
You shoot a sling bullet.
The sling bullet closely misses the quokka.
The quokka bites you but does no damage.
You shoot a sling bullet.
The sling bullet barely misses the quokka.
The quokka barely misses you.
The quokka bites you but does no damage.
You shoot a sling bullet.
The sling bullet barely misses the quokka.
The quokka bites you.
You shoot a sling bullet. The sling bullet hits the quokka.
The quokka is almost dead.
The quokka closely misses you.
The quokka bites you but does no damage.
You shoot a sling bullet. The sling bullet hits the quokka.
You kill the quokka!
The adder bites you.
You are poisoned.
The adder poisons you!
You shoot a sling bullet.
The sling bullet closely misses the adder.
You feel very sick. The adder bites you but does no damage.
The adder bites you.
You shoot a sling bullet.
The sling bullet barely misses the adder.
You feel sick. The adder barely misses you. The adder bites you.
You are too injured to fight recklessly!
You are too injured to fight recklessly!
You are too injured to fight recklessly!
You are too injured to fight recklessly!
You are too injured to fight recklessly!
Fire: a) +1 sling
Press: ? - help, Q - select action, (/) - cycle Shift-Dir - straight line, f/p - adder
Aim: an adder (38% to hit)
You shoot a sling bullet.
The sling bullet closely misses the adder.
You feel sick. The adder closely misses you.
Fire: a) +1 sling
Press: ? - help, Q - select action, (/) - cycle Shift-Dir - straight line, f/p - adder
Aim: an adder (38% to hit)
You shoot a sling bullet. The sling bullet hits the adder.
The adder is lightly wounded.
You feel sick. The adder bites you but does no damage.
The adder barely misses you.
Fire: a) +1 sling
Press: ? - help, Q - select action, (/) - cycle Shift-Dir - straight line, f/p - adder
Aim: an adder (lightly wounded, 38% to hit)
You shoot a sling bullet. The sling bullet hits the adder.
The adder is lightly wounded.
You feel sick.
You are no longer poisoned.
The adder bites you but does no damage. x2
Fire: a) +1 sling
Press: ? - help, Q - select action, (/) - cycle Shift-Dir - straight line, f/p - adder
Aim: an adder (lightly wounded, 38% to hit)
You shoot a sling bullet.
The sling bullet closely misses the adder.
The adder closely misses you.
Fire: a) +1 sling
Press: ? - help, Q - select action, (/) - cycle Shift-Dir - straight line, f/p - adder
Aim: an adder (lightly wounded, 38% to hit)
You shoot a sling bullet. The sling bullet hits the adder.
The adder is heavily wounded.
The adder misses you. The adder closely misses you.
Fire: a) +1 sling
Press: ? - help, Q - select action, (/) - cycle Shift-Dir - straight line, f/p - adder
Aim: an adder (heavily wounded, 38% to hit)
You shoot a sling bullet. The sling bullet hits the adder.
The adder is severely wounded.
The adder bites you but does no damage. The adder barely misses you.
Fire: a) +1 sling
Press: ? - help, Q - select action, (/) - cycle Shift-Dir - straight line, f/p - adder
Aim: an adder (severely wounded, 38% to hit)
You shoot a sling bullet. The sling bullet misses the adder.
The adder bites you.
Fire: a) +1 sling
Press: ? - help, Q - select action, (/) - cycle Shift-Dir - straight line, f/p - adder
Aim: an adder (severely wounded, 38% to hit)
You shoot a sling bullet. The sling bullet misses the adder.
The adder barely misses you. The adder bites you but does no damage.
Fire: a) +1 sling
Press: ? - help, Q - select action, (/) - cycle Shift-Dir - straight line, f/p - adder
Aim: an adder (severely wounded, 38% to hit)
You shoot a sling bullet. The sling bullet misses the adder.
The adder misses you. The adder bites you.
You are poisoned.
The adder poisons you!
Fire: a) +1 sling
Press: ? - help, Q - select action, (/) - cycle Shift-Dir - straight line, f/p - adder
Aim: an adder (severely wounded, 38% to hit)
You shoot a sling bullet. The sling bullet misses the adder.
* * * LOW HITPOINT WARNING * * *
You feel sick. The adder barely misses you.
Fire: a) +1 sling
Press: ? - help, Q - select action, (/) - cycle Shift-Dir - straight line, f/p - adder
Aim: an adder (severely wounded, 38% to hit)
You shoot a sling bullet.
The sling bullet closely misses the adder.
You feel sick. The adder bites you.
* * * LOW HITPOINT WARNING * * *
The adder bites you.
* * * LOW HITPOINT WARNING * * *
It was a potion of mutation.
You feel extremely strange.
You feel your surroundings grow quieter.
You feel resistant to heat.
* * * LOW HITPOINT WARNING * * *
You feel sick. The adder misses you.
It was a potion of degeneration.
There was something very wrong with that liquid.
You feel weakened.
You feel dopey.
You feel clumsy.
You die...

Skill      XL: |  1 |
---------------+----+-----
Fighting       | 1 |  1.3
Ranged Weapons | 2 |  2.3
Dodging        | 2 |  2.2
Stealth        | |  0.9
Spellcasting   | |  1.0
Hexes          | |  2.6

Action                     || total
---------------------------++-------
   Fire: Sling             ||    86
    Use: Potion            ||     2
 Armour: Robe              ||    14
  Dodge: Dodged            ||    29

Levels and vault maps discovered:
D:1:      minmay_arrival_semitransparent, layout_basic,
          chequers_serial_rivers_micro_d
D:2:      layout_rooms, basic_altar, nicolae_eternal_life,
          hangedman_feature_mirror, uniq_jessica

Notes
Turn   | Place    | Note
-------+----------+-------------------------------------------
     0 | D:1      | scionoferis the Demigod Hexslinger began the quest for the
                  | Orb.
     0 | D:1      | Reached XP level 1. HP: 15/15 MP: 4/4
    61 | D:1      | Reached skill level 1 in Fighting
    61 | D:1      | Reached skill level 2 in Ranged Weapons
    93 | D:1      | Reached skill level 2 in Dodging
   183 | D:1      | Reached XP level 2. HP: 23/23 MP: 5/5
   795 | D:2      | HP: 2/23 [adder (2)]
   796 | D:2      | Gained mutation: You passively dampen the noise of your
                  | surroundings. [potion of mutation]
   796 | D:2      | Gained mutation: Your flesh is heat resistant. (rF+)
                  | [potion of mutation]
   797 | D:2      | Succumbed to an adder's poison

Vanquished Creatures
  6 ball pythons (D:1 D:2)
  2 endoplasms (D:1)
  3 giant cockroaches (D:1 D:2)
  3 hobgoblins (D:1)
  3 jackals (D:1)
  2 quokkas (D:1 D:2)
  2 bats (D:1)
  A kobold (D:1)
  A rat (D:1)
23 creatures vanquished.

Table legend: (Time is in decaauts)
 A = Elapsed time spent in this place.
 B = Non-inter-level travel time spent in this place.
 C = Inter-level travel time spent in this place.
 D = Time resting spent in this place.
 E = Time spent auto-exploring this place.
 F = Levels seen in this place.
 G = Mean time per level.
                   A        B        C        D        E       F      G
               +--------+--------+--------+--------+--------+-----+--------+
         Total |    822 |    809 |     13 |      0 |    644 |   2 |  411.0 |
       Dungeon |    822 |    809 |     13 |      0 |    644 |   2 |  411.0 |
               +--------+--------+--------+--------+--------+-----+--------+

Top non-repeatable levels by time:
     D:1: 763 daAuts
     D:2: 58 daAuts

Table legend:
 A = Non-vault XP
 B = Vault XP
 C = Vault XP percentage of total XP
 D = Non-vault monster count
 E = Vault monster count
 F = Vault count percentage of total count
                 A         B        C        D         E       F
            +---------+---------+-------+---------+---------+-------
      Total |      35 |       5 |  12.5 |      20 |       3 |  13.0
            +---------+---------+-------+---------+---------+-------
        D:1 |      33 |       0 |   0.0 |      19 |       0 |   0.0
        D:2 |       2 |       5 |  71.4 |       1 |       3 |  75.0
            +---------+---------+-------+---------+---------+-------
